 Dungeon Crawl Stone Soup version 0.29.1-15-g9cfb28693d (webtiles) character file.

Game seed: 17846486812262074692

204 McKennaii the Gusty (level 5, -1/38 HPs)
             Began as a Demigod Air Elementalist on Feb 28, 2023.
             Slain by an orc
             ... wielding a +0 flail
              (10 damage)
             ... on level 4 of the Dungeon.
             The game lasted 00:02:38 (3425 turns).

McKennaii the Gusty (Demigod Air Elementalist)      Turns: 3425, Time: 00:02:38

Health: -1/38      AC:  2    Str:  9    XL:     5   Next: 26%
Magic:  1/12       EV: 12    Int: 21    God:
Gold:   138        SH:  0    Dex: 14    Spells: 9/10 levels left

rFire   . . .      SeeInvis +   o - +10 mace of Jiekhir {pain, Fly rElec rC- SInv}
rCold   x . .      Faith    .   (no shield)
rNeg    . . .      Spirit   .   a - +0 robe
rPois   .          Reflect  .   (no helmet)
rElec   +          Harm     .   (no cloak)
rCorr   .          Rampage  .   (no gloves)
Will    .....                   (no boots)
Stlth   ++........              (no amulet)
HPRegen 0.12/turn               i - ring of flight
MPRegen 0.13/turn               (no ring)

@: flying
A: high MP 1, forlorn, divine attributes
a: no special abilities


You were on level 4 of the Dungeon.
You visited 1 branch of the dungeon, and saw 4 of its levels.

You collected 138 gold pieces.

Inventory:

Hand Weapons
 o - the +10 mace of Jiekhir (weapon) {pain, Fly rElec rC- SInv}
   (You found it on level 2 of the Dungeon)

   In the hands of one skilled in necromantic magic, it inflicts extra damage on
   living creatures.
   rC:        It makes you vulnerable to cold.
   rElec:     It insulates you from electricity.
   SInv:      It lets you see invisible.
   Fly:       It grants you flight.
Armour
 a - a +0 robe (worn)
Jewellery
 i - a ring of flight (left hand)
Scrolls
 c - a scroll of vulnerability {unknown}
 h - a scroll of enchant weapon {unknown}
 j - 3 scrolls of magic mapping {unknown}
 k - 4 scrolls of identify {unknown}
 m - a scroll of immolation {unknown}
 n - 2 scrolls of teleportation {unknown}
 p - a scroll of blinking {unknown}
 s - a scroll of fear {unknown}
 t - a scroll of summoning {unknown}
 u - a scroll of poison {unknown}
Potions
 b - a potion of magic
 d - a potion of ambrosia {unknown}
 e - 2 potions of brilliance {unknown}
 f - a potion of resistance {unknown}
 g - 2 potions of heal wounds {unknown}
 l - a potion of degeneration {unknown}
 q - a potion of invisibility {unknown}
 r - a potion of flight {unknown}
 v - a potion of haste {unknown}
 w - a potion of curing {unknown}


   Skills:
 - Level 1.7 Dodging
 - Level 1.7 Stealth
 + Level 3.1 Spellcasting
 + Level 2.9 Conjurations
 + Level 4.0 Air Magic


You had 9 spell levels left.
You knew the following spells:

 Your Spells              Type           Power      Damage    Failure   Level
a - Shock                 Conj/Air       68%        1d7       3%          1

Your spell library contained the following spells:

 Spells                   Type           Power      Damage    Failure   Level
 Static Discharge         Conj/Air       17%        3-6/arc   4%          2
 Swiftness                Air            20%        N/A       8%          3
 Airstrike                Air            10%        2d(2-18)  26%         4


Dungeon Overview and Level Annotations

Branches:
Dungeon (4/15)
 Temple: D:4-7

Shops:
D:1 *


Innate Abilities, Weirdness & Mutations

You have an increased reservoir of magic. (+10% MP)
You shall have no god before yourself.
Your divine heritage dramatically boosts your attributes as you level up.


Message History

Aiming: Shock (safe; 3% risk of failure)
Press: ? - help, Shift-Dir - straight line, f/p - orc wizard
Aim: an orc wizard, wielding a +0 dagger and wearing a +0 robe (lightly wounded, slightly transparent, 64% to hit)
The zap hits the orc.
The orc is almost dead.
The zap hits the orc wizard!
The orc wizard is heavily wounded.
The orc closely misses you. The orc hits you with a +0 flail.
Unknown command.
Unknown command.
Casting: Shock (safe; 3% risk of failure)
Confirm with . or Enter, or press ? or * to list all spells.
Aiming: Shock (safe; 3% risk of failure)
Press: ? - help, Shift-Dir - straight line, f/p - orc wizard
Aim: an orc wizard, wielding a +0 dagger and wearing a +0 robe (heavily wounded, slightly transparent, 64% to hit)
The zap hits the orc.
You kill the orc!
The zap hits the orc wizard.
The orc wizard is severely wounded.
The orc closely misses you.
Your Air Magic skill increases to level 4!
Unknown command.
Casting: Shock (safe; 3% risk of failure)
Confirm with . or Enter, or press ? or * to list all spells.
Aiming: Shock (safe; 3% risk of failure)
Press: ? - help, Shift-Dir - straight line, f/p - orc wizard
Aim: an orc wizard, wielding a +0 dagger and wearing a +0 robe (severely wounded, slightly transparent, 64% to hit)
The zap misses the orc wizard.
The orc hits you with a +0 flail.
* * * LOW HITPOINT WARNING * * *
Unknown command.
Unknown command.
Casting: Shock (safe; 3% risk of failure)
Confirm with . or Enter, or press ? or * to list all spells.
Aiming: Shock (safe; 3% risk of failure)
Press: ? - help, Shift-Dir - straight line, f/p - orc wizard
Aim: an orc wizard, wielding a +0 dagger and wearing a +0 robe (severely wounded, slightly transparent, 64% to hit)
The zap hits the orc wizard.
You kill the orc wizard!
The orc hits you with a +0 flail!
You die...

#...†.≈.♣ .†....≈.♣
#.....≈.. #.)...≈≈≈
#........ #).......
#o)...... #######
#@....... #
#...#.####........
#######[#.#.............
#.......#.#.############
#.#######....# #.#
#......# #.# #.#....#
#.# #.#†...# ..# #
....##


You could see an orc.

Vanquished Creatures
  An orc priest (D:4)
  An orc wizard (D:4)
  10 adders
  A gnoll (D:1)
  A dart slug (D:3)
  2 orcs (D:4)
  3 bats
  9 endoplasms
  A giant cockroach (D:1)
  6 goblins
  6 hobgoblins
  6 jackals (D:1)
  A quokka (D:3)
  11 ball pythons
  4 frilled lizards
  4 kobolds
  6 rats
73 creatures vanquished.

Vanquished Creatures (others)
  A fungus (D:1)
1 creature vanquished.

Grand Total: 74 creatures vanquished

Notes
Turn   | Place    | Note
-------+----------+-------------------------------------------
     0 | D:1      | McKennaii the Demigod Air Elementalist began the quest for
                  | the Orb.
     0 | D:1      | Reached XP level 1. HP: 14/14 MP: 5/5
    17 | D:1      | Reached skill level 1 in Conjurations
   172 | D:1      | Reached XP level 2. HP: 20/20 MP: 0/7
   245 | D:1      | Found Peadaal's Assorted Antiques.
   268 | D:1      | Reached skill level 3 in Air Magic
   812 | D:1      | Reached XP level 3. HP: 26/26 MP: 7/9
  1391 | D:2      | Identified the +10 mace of Jiekhir {pain, Fly rElec rC-
                  | SInv}
  2115 | D:3      | Reached XP level 4. HP: 30/33 MP: 2/10
  3373 | D:4      | Reached XP level 5. HP: 38/38 MP: 8/12
  3424 | D:4      | Reached skill level 4 in Air Magic
  3425 | D:4      | Slain by an orc

Illustrated notes

Levels and vault maps discovered:
D:1:      dpeg_arrival_arbitrary_c, layout_loops_ring, serial_shops,
          nicolae_shop_temple_entry_statues_fountains,
          shapermc_ecumenical_altar_acropolis
D:2:      layout_rooms, basic_altar, minivault_25, hangedman_decor_slide_cut
D:3:      layout_basic, minmay_snake_closets
D:4:      layout_basic, mainiacjoe_overflow_brackets,
          mainiacjoe_overflow_alcove_1, corexii_leaking_fountain

Skill      XL: |  1  2  3  4  5 |
---------------+----------------+-----
Conjurations   | 1 2 |  2.9
Spellcasting   | 2 3 |  3.1
Air Magic      | 3 4 |  4.0
Dodging        | |  1.7
Stealth        | |  1.7

Action                   |  1- 3 |  4- 6 || total
-------------------------+-------+-------++-------
Melee: Unarmed           |     8 |       ||     8
 Cast: Shock             |    95 |    77 ||   172
Armor: Robe              |     5 |     3 ||     8
Dodge: Dodged            |    20 |    28 ||    48
